 Dungeon Sprint DCSS version 0.27-a0-1189-gb8eb6cee8e (webtiles) character file.

Game seed: 8956163083334235848

58 mhtbhm the Firebug (level 3, -5/19 HPs)
             Began as a Deep Elf Fire Elementalist on May 22, 2021.
             Was an Initiate of Vehumet.
             Slain by a merfolk
             ... wielding a +0 trident
              (24 damage)
             ... in the Dungeon (Sprint V: "Ziggurat Sprint").
             The game lasted 00:00:50 (208 turns).

mhtbhm the Firebug (Deep Elf Fire Elementalist)      Turns: 208, Time: 00:00:51

Health: -5/19      AC:  5    Str:  5    XL:     3   Next: 76%
Magic:  5/11       EV: 13    Int: 32    God:    Vehumet [......]
Gold:   0          SH:  0    Dex: 15    Spells: 5/12 levels left

rFire    + . .     SeeInvis .   C - +8 lance "Wyrmbane" {slay drac, rPois rF+ rC+ AC+3}
rCold    + . .     Faith    .   (no shield)
rNeg     . . .     Spirit   .   a - +0 robe
rPois    +         Reflect  .   (no helmet)
rElec    .         Harm     .   (no cloak)
rCorr    .         Rampage  .   (no gloves)
Will     .....     NoTele   +   (no boots)
Stlth    +++.......             (no amulet)
HPRegen  0.06/turn              u - +6 ring of intelligence
MPRegen  0.12/turn              v - +6 ring of intelligence

@: no status effects
A: no striking features
a: Renounce Religion


You were in the Dungeon.
You worshipped Vehumet.
Vehumet was noncommittal.
You visited 1 branch

Inventory:

Hand Weapons
 C - the +8 lance "Wyrmbane" (weapon) {slay drac, rPois rF+ rC+ AC+3}
   (You found it in the Dungeon)

   It affects your AC (+3).
   It protects you from fire.
   It protects you from cold.
   It protects you from poison.
Armour
 a - a +0 robe (worn)
Jewellery
 u - a +6 ring of intelligence (left hand)
 v - a +6 ring of intelligence (right hand)
Wands
 y - a wand of mindburst (7)
 z - a wand of iceblast (6)
 A - a wand of acid (5)
Scrolls
 h - 4 scrolls of blinking
 m - 4 scrolls of amnesia
 n - 7 scrolls of fog
 o - a scroll of holy word
 p - 5 scrolls of identify
 q - 2 scrolls of fear
Potions
 b - 2 potions of brilliance
 c - 10 potions of curing
 d - 10 potions of heal wounds
 e - 6 potions of haste
 f - 7 potions of magic
 g - 3 potions of berserk rage
 i - 2 potions of invisibility
 j - 4 potions of resistance
 k - a potion of experience
 l - 5 potions of might
Miscellaneous
 B - a lightning rod (4/4)


   Skills:
 + Level 3.9 Dodging
 + Level 3.8 Stealth
 + Level 5.2 Spellcasting
 + Level 1.4 Conjurations
 + Level 6.9 Fire Magic
 + Level 0.2 Evocations


You had 5 spell levels left.
You knew the following spells:

 Your Spells              Type           Power      Damage    Failure   Level
a - Foxfire               Conj/Fire      100%       2x1d9     1%          1
b - Conjure Flame         Conj/Fire      35%        6-21      2%          3
c - Inner Flame           Hex/Fire       30%        N/A       3%          3

Your spell library contained the following spells:

 Spells                   Type           Power      Damage    Failure   Level
 Sticky Flame             Conj/Fire      35%        2d5       9%          4
 Fireball                 Conj/Fire      17%        3d9       26%         5


Dungeon Overview and Level Annotations

Branches:
Dungeon (1/1)

Altars:
Ashenzari
Cheibriados
Dithmenos
Elyvilon
Fedhas
Gozag
Hepliaklqana
Kikubaaqudgha
Makhleb
Nemelex Xobeh
Okawaru
Qazlal
Ru
Sif Muna
Trog
Uskayaw
Vehumet
Wu Jian
Xom
Yredelemnul
Zin
The Shining One
Beogh
Jiyva
Lugonu

Annotations:
D 1 transporter


Message History

Aiming: Inner Flame (quite dangerous; 3% risk of failure)
Press: ? - help, Shift-Dir - straight line, f - merfolk
Aim: a merfolk, wielding a +0 trident and quivering boomerangs (asleep, chance to affect: 72%)
The merfolk shouts!
The merfolk struggles to resist.
The merfolk shouts! x2
The merfolk throws a boomerang.
The boomerang misses you.
Unknown command.
Casting: Inner Flame (quite dangerous; 3% risk of failure)
Confirm with . or Enter, or press ? or * to list all spells.
The spell is quite dangerous to cast (3% risk of failure)!
Continue anyway?
Aiming: Inner Flame (quite dangerous; 3% risk of failure)
Press: ? - help, Shift-Dir - straight line, f - merfolk, p - merfolk
Aim: a merfolk, wielding a +0 trident (chance to affect: 72%)
The merfolk is filled with an inner flame.
Unknown command.
Casting: Inner Flame (quite dangerous; 3% risk of failure)
Confirm with . or Enter, or press ? or * to list all spells.
Okay, then.
Aiming: Corrosive Bolt
Press: ? - help, Shift-Dir - straight line, f/p - merfolk
Aim: a merfolk, wielding a +0 trident (inner flame, 64% to hit)
The bolt of acid hits the merfolk!
The merfolk is splashed with acid.
The acid corrodes the merfolk!
Flame seeps out of the merfolk. x2
The merfolk is moderately wounded.
The bolt of acid misses the merfolk.
Unknown command.
Unknown command.
Unknown command.
Aiming: Corrosive Bolt
Press: ? - help, Shift-Dir - straight line, f/p - merfolk
Aim: a merfolk, wielding a +0 trident (flame, moderately wounded, inner flame, covered in acid, 64% to hit)
The bolt of acid misses the merfolk.
The bolt of acid hits the merfolk!
The merfolk is splashed with acid.
The merfolk is moderately wounded.
The merfolk is engulfed in blazing flames.
Flame seeps out of the merfolk.
The merfolk hits you from afar with a +0 trident!!
Ouch! That really hurt!
You die...

▓▓▓▓▓▓▓▓▓▓▓▓▓
▓.8©8.▓.8©8.▓
▓.):[.▓.....▓
▓.....▓.|.).▓
▓..m..▓..)..▓
▓..mm.▓.....▓
▓.....▓..©..▓
▓..@..▓▓▓▓▓▓▓
▓▓▓▓▓▓▓


You could see 3 merfolk.

Vanquished Creatures
  2 orc priests (D)
2 creatures vanquished.

Notes
Turn   | Place    | Note
-------+----------+-------------------------------------------
     0 | D        | mhtbhm the Deep Elf Fire Elementalist began the quest for
                  | the Orb.
     0 | D        | Reached XP level 1. HP: 10/10 MP: 6/6
     0 | D        | Found a shimmering blue altar of Sif Muna.
     0 | D        | Found a bloodstained altar of Trog.
     0 | D        | Found a sacrificial altar of Ru.
     0 | D        | Found a stormy altar of Qazlal.
     0 | D        | Found an iron altar of Okawaru.
     1 | D        | Found a sparkling altar of Nemelex Xobeh.
     1 | D        | Found a blossoming altar of Fedhas.
     2 | D        | Found the +6 Majin-Bo {vamp, MP+6 Int+6}
     2 | D        | Found the +9 heavy crossbow "Sniper" {vorpal, Acc+∞ SInv}
     2 | D        | Found the +10 dark maul {vorpal}
     2 | D        | Found the +15 Maxwell's patent armour {-Cast -Tele rElec
                  | Will+ rCorr}
     2 | D        | Found the +18 shield of the Gong {rElec rN+ Will+ EV-5}
     2 | D        | Found the +14 obsidian axe {vorpal, Drain Fly SInv}
     2 | D        | Found the +7 great mace "Firestarter" {inner flame, rF++}
     2 | D        | Found the +6 shillelagh "Devastator" {shatter}
     2 | D        | Found the +11 plutonium sword {Contam Stlth-}
     2 | D        | Found the +8 lance "Wyrmbane" {slay drac, rPois rF+ rC+
                  | AC+3}
     2 | D        | Found the +9 sword of Zonguldrok {reap}
     2 | D        | Found the +13 scythe of Curses {drain, Drain}
     2 | D        | Found the +5 sword of Power {vorpal}
     2 | D        | Found the +7 mace of Variability {chain chaos}
     2 | D        | Found the +7 Singing Sword {vorpal, sonic wave}
     2 | D        | Found the +8 storm bow {elec, penet}
     3 | D        | Found a transporter.
     3 | D        | Found an ancient bone altar of Kikubaaqudgha.
     3 | D        | Found a viscous altar of Jiyva.
     3 | D        | Found a corrupted altar of Lugonu.
     3 | D        | Found a hazy altar of Hepliaklqana.
     3 | D        | Found a burning altar of Makhleb.
     3 | D        | Found an opulent altar of Gozag.
    35 | D        | Became a worshipper of Vehumet
    55 | D        | Entered arena 2.
    55 | D        | Noticed an orc priest
    55 | D        | Noticed an orc priest
    55 | D        | Found a transporter.
    56 | D        | Killed an orc priest
    57 | D        | Reached skill level 5 in Fire Magic
    57 | D        | Reached XP level 2. HP: 15/15 MP: 6/9
    57 | D        | Reached XP level 3. HP: 19/19 MP: 7/11
    58 | D        | Reached skill level 5 in Spellcasting
    58 | D        | Reached skill level 6 in Fire Magic
   195 | D        | Learned a level 3 spell: Conjure Flame
   199 | D        | Learned a level 3 spell: Inner Flame
   204 | D        | Entered arena 3.
   204 | D        | Noticed a merfolk
   204 | D        | Noticed a merfolk
   204 | D        | Noticed a merfolk
   204 | D        | Found a transporter.
   208 | D        | Slain by a merfolk

Illustrated notes

Levels and vault maps discovered:
D:        sprint_v [room_start, room_1, room_2, room_3, room_4, room_5, room_6,
          room_7, room_8, room_9, room_10, room_11, room_12, room_13, room_14,
          room_15, room_16, room_17, room_18, room_19, room_20, room_21,
          room_22, room_23, room_24, room_25, room_26, room_27]

Skill      XL: |  1  2  3 |
---------------+----------+-----
Dodging        | 3 |  3.9
Stealth        | 3 |  3.8
Spellcasting   | 4 5 |  5.2
Fire Magic     | 5 6 |  6.9
Conjurations   | |  1.4
Evocations     | |  0.2

Action                   || total
-------------------------++-------
 Cast: Inner Flame       ||     2
Evoke: Wand              ||     3
       Lightning rod     ||     1
Dodge: Dodged            ||     1

Table legend: (Time is in decaauts)
 A = Elapsed time spent in this place.
 B = Non-inter-level travel time spent in this place.
 C = Inter-level travel time spent in this place.
 D = Time resting spent in this place.
 E = Time spent auto-exploring this place.
 F = Levels seen in this place.
 G = Mean time per level.
                   A        B        C        D        E       F      G
               +--------+--------+--------+--------+--------+-----+--------+
         Total |    206 |    206 |      0 |    131 |      0 |   1 |  206.0 |
       Dungeon |    206 |    206 |      0 |    131 |      0 |   1 |  206.0 |
               +--------+--------+--------+--------+--------+-----+--------+

Top non-repeatable levels by time:
       D: 206 daAuts
